 Dungeon Crawl Stone Soup version 0.24.0-13-gcf9b319 (webtiles) character file.

Game seed: 16478810183943543450, levelgen mode: deterministic

905 Balder the Chopper (level 8, -6/68 HPs)
             Began as a Hill Orc Fighter on Apr 24, 2020.
             Was a Follower of Okawaru.
             Mangled by an ogre
             ... wielding a +0 giant club
              (24 damage)
             ... on level 5 of the Dungeon.
             The game lasted 00:16:22 (3348 turns).

Balder the Chopper (Hill Orc Fighter)               Turns: 3348, Time: 00:16:23

Health: -6/68      AC:  7    Str: 19    XL:     8   Next: 8%
Magic:  8/8        EV:  7    Int:  8    God:    Okawaru [*.....]
Gold:   220        SH:  9    Dex: 12    Spells: 7/7 levels left

rFire    . . .     SeeInvis .   a - +0 war axe
rCold    . . .     Gourm    .   c - +0 shield
rNeg     . . .     Faith    .   b - +0 scale mail
rPois    +         Spirit   .   (no helmet)
rElec    .         Reflect  .   (no cloak)
rCorr    .         Harm     .   (no gloves)
MR       .....                  (no boots)
Stlth    +.........             e - amulet of regeneration
HPRegen  0.61/turn              j - ring of poison resistance
MPRegen  0.11/turn              (no ring)

@: no status effects
A: no striking features
a: Heroism, Renounce Religion


You were on level 5 of the Dungeon.
You worshipped Okawaru.
Okawaru was aware of your devotion.
You were not hungry.

You visited 2 branches of the dungeon, and saw 6 of its levels.

You collected 220 gold pieces.

Inventory:

Hand Weapons
 a - a +0 war axe (weapon)
 w - a +0 morningstar
 y - a +0 mace of protection
Missiles
 g - 4 javelins
 m - 8 poisoned darts (quivered)
 x - 3 boomerangs
Armour
 b - a +0 scale mail (worn)
 c - a +0 shield (worn)
Jewellery
 e - an amulet of regeneration (around neck)
 h - an uncursed amulet of the acrobat {unknown}
 j - a ring of poison resistance (left hand)
 A - an uncursed ring of flight {unknown}
Wands
 q - a wand of acid (8)
 v - a wand of iceblast (6)
 D - a wand of flame (10)
Scrolls
 i - 3 scrolls of remove curse {unknown}
 k - 2 scrolls of enchant weapon {unknown}
 l - a scroll of amnesia {unknown}
 o - a scroll of blinking {unknown}
 p - a scroll of teleportation {unknown}
 r - a scroll of random uselessness {unknown}
 s - a scroll of magic mapping {unknown}
 t - 2 scrolls of identify
 B - a scroll of fog {unknown}
Potions
 d - 2 potions of ambrosia {unknown}
 n - 2 potions of agility {unknown}
 u - a potion of berserk rage {unknown}
 z - a potion of flight {unknown}
 C - a potion of resistance {unknown}
 F - 3 potions of curing {unknown}
Comestibles
 f - 7 rations
 E - a chunk of flesh


   Skills:
 * Level 5.3 Fighting
 * Level 7.1(7.2) Axes
 * Level 1.1(3.8) Maces & Flails
 * Level 2.2 Throwing
 * Level 5.0 Armour
 * Level 2.2 Stealth
 * Level 4.8 Shields
 * Level 1.0 Evocations


You had 7 spell levels left.
You didn't know any spells.
Your spell library was empty.

Dungeon Overview and Level Annotations

Branches:
Dungeon (5/15)             Temple (1/1) D:4

Altars:
Ashenzari
Cheibriados
Elyvilon
Gozag
Hepliaklqana
Kikubaaqudgha
Nemelex Xobeh
Okawaru
Qazlal
Ru
Sif Muna
Trog
Vehumet
Wu Jian
Xom


Message History

Found a ring mail.
An ogre comes into view. It is wielding a +0 giant club.
The ogre moves out of view.
Found 3 gold pieces.
The ogre hits you with a +0 giant club! You block the ogre's attack.
You hit the ogre.
The ogre is lightly wounded.
The ogre hits you with a +0 giant club!!
You closely miss the ogre.
The ogre is lightly wounded.
You block the ogre's attack.
You hit the ogre.
The ogre is moderately wounded.
The ogre hits you with a +0 giant club!
* * * LOW HITPOINT WARNING * * *
You hit the ogre.
The ogre is heavily wounded.
The ogre hits you with a +0 giant club!!
You die...

............ #.# #
..........# #.# ..
..........# #.###.#
.........)##########.....###
..####.........[............
.....≈≈.≈≈.......###########
....#≈#+#≈........# ......+
........$# .....≈#
≈......@O# .....≈≈.
≈###.##....# ........ ...
.....# ######## ######....#
#....# #...## #...# #.###


You could see an ogre.

Vanquished Creatures
  Grinder (D:4)
  Sigmund (D:4)
  A sky beast (D:5)
  A centaur (D:5)
  2 scorpions
  A crimson imp (D:5)
  A bullfrog zombie (D:5)
  An orc wizard (D:4)
  An iguana (D:4)
  A worker ant (D:5)
  3 adders
  2 oozes
  2 dart slugs
  2 leopard geckos
  11 orcs
  5 bats
  5 giant cockroaches
  7 goblins
  3 hobgoblins
  23 jackals
  A quokka (D:2)
  2 frilled lizards
  9 kobolds
  9 rats
95 creatures vanquished.

Notes
Turn   | Place    | Note
-------+----------+-------------------------------------------
     0 | D:1      | Balder the Hill Orc Fighter began the quest for the Orb.
     0 | D:1      | Reached XP level 1. HP: 19/19 MP: 1/1
   170 | D:1      | Reached XP level 2. HP: 14/27 MP: 2/2
   311 | D:1      | Found a snail-covered altar of Cheibriados.
   832 | D:1      | Reached skill level 3 in Axes
  1025 | D:2      | Reached XP level 3. HP: 33/33 MP: 3/3
  1416 | D:2      | Reached skill level 1 in Stealth
  1416 | D:2      | Reached XP level 4. HP: 40/40 MP: 4/4
  1961 | D:3      | Found a sparkling altar of Nemelex Xobeh.
  1961 | D:3      | Found a snail-covered altar of Cheibriados.
  1967 | D:3      | Found an ancient bone altar of Kikubaaqudgha.
  2099 | D:3      | Found a shimmering altar of Xom.
  2101 | D:3      | Found an ornate altar of the Wu Jian Council.
  2188 | D:4      | Noticed Sigmund
  2203 | D:3      | Reached skill level 4 in Axes
  2203 | D:3      | Reached skill level 1 in Throwing
  2203 | D:3      | Reached XP level 5. HP: 46/47 MP: 5/5
  2219 | D:4      | HP: 1/47 [something/puff of flame (8)]
  2221 | D:4      | Killed Sigmund
  2221 | D:4      | Reached skill level 5 in Axes
  2221 | D:4      | Reached XP level 6. HP: 1/53 MP: 6/6
  2346 | D:4      | Noticed Grinder
  2355 | D:4      | Paralysed by Grinder for 6 turns
  2369 | D:4      | Killed Grinder
  2369 | D:4      | Reached skill level 5 in Fighting
  2369 | D:4      | Reached skill level 6 in Axes
  2369 | D:4      | Reached XP level 7. HP: 40/61 MP: 7/7
  2553 | D:4      | Found a staircase to the Ecumenical Temple.
  2573 | Temple   | Entered the Ecumenical Temple
  2703 | Temple   | Became a worshipper of Warmaster Okawaru
  2971 | D:5      | Entered Level 5 of the Dungeon
  3081 | D:5      | Found an opulent altar of Gozag.
  3207 | D:5      | Reached skill level 5 in Armour
  3249 | D:5      | Reached * piety under Okawaru
  3249 | D:5      | Reached skill level 7 in Axes
  3249 | D:5      | Reached skill level 1 in Maces & Flails
  3249 | D:5      | Reached skill level 1 in Evocations
  3249 | D:5      | Reached XP level 8. HP: 63/68 MP: 8/8
  3297 | D:5      | Found an ancient bone altar of Kikubaaqudgha.
  3348 | D:5      | Mangled by an ogre

Levels and vault maps discovered:
D:1:      minmay_arrival_four_loops, layout_basic, cheibriados_altar_1
D:2:      layout_rooms, minmay_misc_feat_nine_boxes, minmay_misc_feat_encased
D:3:      layout_basic, nicolae_overflow_hidden_temple, minitemple,
          minmay_misc_feat_iff, minmay_misc_feat_rugged, skrybe_limestone_x
D:4:      layout_rooms, minmay_temple_entry_arrows, uniq_grinder, uniq_sigmund
D:5:      minmay_bubble_buster, layout_basic, kennysheep_mini_moat,
          grunt_gozag_statues, basic_altar, serial_curves, eino_curves_01,
          eino_curves_04, first_ration
Temple:   nicolae_temple_figure_zero

Skill      XL: |  1  2  3  4  5  6  7 |
---------------+----------------------+-----
Fighting       | 4 5 |  5.3
Axes           | 3 4 5 6 7 |  7.1
Stealth        | 1 2 |  2.2
Shields        | 4 |  4.8
Throwing       | 1 2 |  2.2
Armour         | 4 5 |  5.0
Maces & Flails | 1 |  1.1
Evocations     | 1 |  1.0

Action                   |  1- 3 |  4- 6 |  7- 9 || total
-------------------------+-------+-------+-------++-------
Melee: War axe           |   143 |   148 |    51 ||   342
Throw: Dart              |       |       |    22 ||    22
  Use: Scroll            |     2 |       |       ||     2
       Potion            |       |     2 |       ||     2
  Eat: Chunk             |     2 |     3 |     1 ||     6
       Ration            |       |       |     1 ||     1
Armor: Scale mail        |    84 |    52 |     6 ||   142
Dodge: Dodged            |    46 |    42 |     7 ||    95
Block: Shield            |   110 |    75 |    24 ||   209
